Map: Prion Terraces

Players

llllllllllll

  • Race: Zerg Zerg
  • League: Master

RuFF - Winner!

  • Race: Terran Terran
  • League: Grandmaster

VOD

https://youtu.be/MRY7ZbJ0Tzo

Description

RuFF proxy vs Zerg

Time

  • Played on: Jan. 24, 2016, 7:01 p.m.
  • Length: 14:10
Show
View Real Time Build Order
Export as new Build Order

llllllllllll Zerg 

Build Orders: Hatch First, Ravager All-In 

Get SALT Encoding   

  12  0:01  Drone  
  13  0:09  Drone  
  14  0:17  Overlord  
  14  0:22  Extractor  
  14  0:23  Drone  
  15  0:36  Drone x2  
  17  0:54  Hatchery  
  16  0:57  Drone  
  16  1:01  Drone  
  18  1:07  Drone  
  19  1:18  Spawning Pool  
  19  1:22  Extractor  
  17  1:26  Drone  
  17  1:29  Drone  
  19  1:37  Overlord  
  19  2:05  Queen  
  19  2:06  Zergling x4  
  23  2:10  Roach Warren  
  23  2:11  Extractor  
  23  2:13  Queen  
  23  2:22  Metabolic Boost  
  23  2:25  Drone  
  24  2:37  Overlord  
  24  2:51  Roach x2  
  24  2:57  Roach  
  30  2:58  Roach  
  30  3:05  Roach  
  34  3:17  Drone x2  
  36  3:30  Ravager x2  
  36  3:33  Overlord  
  39  3:41  Ravager  
  39  3:45  Overlord  
  39  4:03  Zergling x2  
  39  4:04  Zergling x12  
  45  4:14  Zergling x4  
  39  4:39  Ravager x2  
  39  4:40  Roach  
  39  4:41  Roach x3  
  49  4:55  Roach x3  
  54  5:07  Ravager  
  54  5:11  Drone x3  
  58  5:21  Roach x2  
  59  5:25  Roach  
  55  5:40  Ravager  
  53  5:45  Ravager  
  53  5:48  Zergling x14  
  58  6:04  Ravager  
  58  6:05  Overlord  
  59  6:13  Lair  
  56  6:19  Drone x3  
  56  6:30  Zergling x4  
  56  6:31  Zergling x2  
  59  6:35  Baneling Nest  
  59  6:37  Drone x3  
  60  6:49  Drone x3  
  60  6:52  Extractor  
  60  6:53  Extractor  
  53  7:16  Spire  
  53  7:18  Drone x3  
  53  7:19  Drone  
  54  7:28  Drone  
  53  7:35  Roach  
  53  7:36  Zergling x2  
  53  7:37  Zergling x8  
  37  8:29  Mutalisk x6  
  37  8:34  Zergling x6  
  49  8:41  Mutalisk  
  49  8:47  Zergling x2  
  49  8:48  Zergling x4  
  45  9:27  Mutalisk x2  
  45  9:55  Mutalisk  
  47  10:03  Drone x5  
  48  10:14  Drone  
  49  10:27  Drone  
  50  10:29  Hatchery  
  49  10:37  Mutalisk  
  51  10:50  Lair  
  51  10:54  Drone  
  51  10:55  Evolution Chamber  
  51  10:56  Hatchery  
  50  10:58  Evolution Chamber, Drone  
  50  10:59  Evolution Chamber  
  49  11:11  Zergling x6  
  52  11:19  Drone  
  52  11:22  Zerg Melee Weapons Level 1  
  54  11:28  Drone  
  56  11:32  Drone  
  56  11:33  Drone x2  
  58  11:41  Drone x2  
  58  11:45  Queen  
  62  11:51  Zergling x2  
  62  11:53  Baneling  
  62  11:54  Baneling x5  
  59  11:56  Extractor  
  59  11:58  Zergling x2  
  59  12:00  Extractor  
  58  12:01  Zergling x2  
  58  12:05  Zergling x2  
  54  12:08  Baneling x2  
  54  12:10  Zergling x8  
  50  12:22  Zergling x6  
  43  12:32  Zergling x6  
  35  12:38  Zergling x2  
  35  12:39  Zergling x2  
  35  12:41  Baneling x2  
  35  12:42  Zergling x2  
  31  12:45  Queen  
  31  12:46  Drone x2  
  35  12:55  Drone x2  
  37  13:03  Drone x2  
  37  13:04  Drone  
  39  13:13  Drone x2  
  39  13:15  Zergling x2  
  41  13:21  Zergling x2  
  41  13:22  Zergling x2  
  41  13:30  Zergling x4  
  43  13:36  Baneling  
  43  13:37  Baneling x3  
  43  13:38  Baneling x2  
  43  13:39  Baneling  
  43  13:40  Zergling x4  
  45  13:47  Zergling x6  
  45  13:48  Zergling x2  
Show
View Real Time Build Order
Export as new Build Order

RuFF Terran - Winner!

Build Orders: 1/1/1, Liberator Opening 

Get SALT Encoding   

  12  0:01  SCV  
  13  0:15  SCV  
  13  0:17  Supply Depot  
  14  0:25  Refinery  
  14  0:27  SCV  
  15  0:39  SCV  
  16  0:45  Barracks  
  16  0:53  Refinery  
  16  0:55  SCV  
  17  1:07  SCV  
  18  1:19  SCV  
  19  1:35  Factory  
  19  1:39  Orbital Command  
  19  1:47  Reaper  
  20  1:55  Supply Depot  
  20  2:21  Armory  
  20  2:23  Starport  
  20  2:32  Factory Tech Lab  
  20  2:33  Marine  
  20  2:36  SCV  
  22  2:43  Supply Depot  
  22  2:54  SCV  
  22  2:55  Marine  
  24  3:08  Supply Depot  
  24  3:21  Thor  
  30  3:30  Medivac  
  30  3:33  SCV  
  33  3:42  Marine  
  33  3:46  Bunker  
  33  3:48  SCV  
  35  3:58  Liberator  
  35  4:05  Factory Tech Lab  
  37  4:30  Siege Tank  
  40  4:47  SCV  
  40  4:48  Marine  
  42  5:02  Siege Tank  
  40  5:30  Liberator  
  40  5:34  Siege Tank  
  40  5:45  Starport Tech Lab  
  43  5:59  SCV  
  43  6:02  Command Center  
  44  6:17  Siege Tank  
  47  6:44  Supply Depot  
  47  6:45  Supply Depot x2  
  48  6:47  SCV  
  48  6:49  Siege Tank  
  51  7:30  Thor  
  54  8:19  Siege Tank  
  57  8:26  SCV  
  57  8:27  Orbital Command  
  58  8:30  Engineering Bay  
  58  8:32  Barracks  
  58  8:33  Barracks x2  
  58  8:35  Barracks  
  58  8:49  Medivac  
  60  9:21  Thor  
  51  9:28  SCV  
  51  9:30  Missile Turret  
  52  9:32  Marine x2, Barracks Tech Lab x2, Missile Turret, Liberator  
  52  9:33  Marine  
  52  9:35  Orbital Command, Missile Turret  
  52  9:37  Missile Turret  
  51  9:40  SCV  
  49  9:59  Marine  
  46  10:02  Stimpack  
  42  10:16  Marine  
  42  10:17  Marine x3  
  40  10:26  Terran Infantry Weapons Level 1  
  40  10:28  Combat Shields  
  40  10:31  Marine  
  40  10:34  Marine x2  
  40  10:43  SCV  
  40  10:45  Missile Turret  
  40  10:48  Marine x2, Bunker  
  40  10:49  Marine  
  44  10:50  Bunker  
  44  10:52  Marine x2  
  46  11:05  SCV  
  46  11:06  Marine x2, Starport  
  46  11:07  Marine  
  46  11:08  SCV  
  46  11:10  Marine x2  
  53  11:21  Refinery  
  53  11:24  Refinery  
  52  11:30  Thor  
  52  11:32  SCV  
  59  11:38  Marine x3  
  59  11:39  SCV  
  63  11:44  SCV  
  64  11:49  Medivac  
  66  11:55  SCV  
  66  11:56  SCV  
  66  11:58  Marine x2  
  70  12:08  SCV  
  71  12:29  Medivac x2  
  64  12:39  Marine  
  64  12:40  Marine x3  
  66  12:52  Thor  
  72  12:59  Marine x5  
  77  13:06  SCV  
  78  13:16  Marine x2  
  78  13:19  Command Center  
  80  13:26  Marine x3  
  80  13:27  Medivac x2  
  81  13:40  Marine x2  
  83  13:43  Marine  
  83  13:44  Marine x2  
Tags
 
Add a new tag
Caveats
  • Supply blocks, unpowered buildings, or Contaminate may cause inaccurate times.
  • Supply counts are checked every 10 seconds.